 Dungeon Crawl Stone Soup version 0.27.1-34-g3ba077fa99 (webtiles) character file.

Game seed: 3931805873511544356

7360 Doot the Thaumaturge (level 10, -6/67 HPs)
             Began as a Mummy Earth Elementalist on Jan 3, 2022.
             Was a Follower of Kikubaaqudgha.
             Mangled by a gargoyle (19 damage)
             ... on level 11 of the Dungeon.
             The game lasted 00:37:36 (17247 turns).

Doot the Thaumaturge (Mummy Earth Elementalist)    Turns: 17247, Time: 00:37:36

Health: -6/67      AC:  5    Str: 11    XL:     10   Next: 91%
Magic:  21/23      EV: 12    Int: 18    God:    Kikubaaqudgha [*.....]
Gold:   715        SH:  0    Dex: 13    Spells: 16/28 levels left

rFire    x . .     SeeInvis .   S - +3 dagger
rCold    + . .     Faith    .   (no shield)
rNeg     + + +     Spirit   .   Q - +0 troll leather armour
rPois    ∞         Reflect  .   F - +0 hat
rElec    .         Harm     .   (no cloak)
rCorr    .         Rampage  .   U - +0 pair of gloves
Will     ++...                  (no boots)
Stlth    +++.......             f - amulet of magic regeneration
HPRegen  1.21/turn              H - ring of willpower
MPRegen  0.43/turn              t - ring of wizardry

@: about to teleport
A: cold resistance 1, negative energy resistance 3, torment resistance 2, heat
vulnerability 1, no potions
a: Renounce Religion, Receive Corpses


You were on level 11 of the Dungeon.
You worshipped Kikubaaqudgha.
Kikubaaqudgha was aware of your devotion.
You visited 2 branches of the dungeon, and saw 12 of its levels.
You also visited: Sewer and Ossuary.

You collected 715 gold pieces.

Inventory:

Hand Weapons
 a - a +0 short sword
 k - a +0 whip
 w - the +8 flail "Kejosam" {venom, Stlth+}
   (You found it on level 5 of the Dungeon)

   It poisons the flesh of those it strikes.
   Stlth:     It makes you more stealthy.
 z - a +1 dagger of speed
 G - a +2 vampiric dagger
 S - a +3 dagger (weapon)
Missiles
 c - 233 stones
 x - a curare-tipped dart
 y - 22 poisoned darts
Armour
 b - a +0 robe
 s - a +0 cloak
 F - a +0 hat (worn)
 L - +0 acid dragon scales
 P - a +0 leather armour
 Q - a +0 troll leather armour (worn)
 R - a scarf of shadows
 T - a +1 robe of cold resistance
 U - a +0 pair of gloves (worn)
Jewellery
 f - an amulet of magic regeneration (around neck)
 g - a ring of see invisible
 m - an amulet of the acrobat
 q - a ring of flight
 t - a ring of wizardry (right hand)
 H - a ring of willpower (left hand)
 O - an amulet of regeneration
Wands
 v - a wand of paralysis (10)
 A - a wand of polymorph (9)
 B - a wand of charming (10)
 D - a wand of mindburst (11)
 J - a wand of flame (39)
 K - a wand of iceblast (9)
 N - a wand of acid (10)
Scrolls
 d - 4 scrolls of teleportation
 e - a scroll of summoning {unknown}
 h - 2 scrolls of magic mapping
 i - 4 scrolls of enchant armour
 j - a scroll of blinking {unknown}
 n - 10 scrolls of identify
 o - a scroll of immolation
 p - 4 scrolls of fog
 r - a scroll of enchant weapon {unknown}
 u - 2 scrolls of torment
 C - a scroll of brand weapon {unknown}
 E - a scroll of noise {unknown}
 I - a scroll of silence {unknown}
 M - a scroll of holy word {unknown}


   Skills:
 + Level 2.1 Fighting
 + Level 3.2 Short Blades
 + Level 0.4 Armour
 + Level 2.8 Dodging
 + Level 7.1 Stealth
 + Level 0.2 Unarmed Combat
 + Level 9.8 Spellcasting
 + Level 4.6 Conjurations
 * Level 1.9 Necromancy
 * Level 5.4 Transmutations
 + Level 6.4 Earth Magic


You had 16 spell levels left.
You knew the following spells:

 Your Spells              Type           Power      Damage    Failure   Level
a - Sandblast             Erth           62%        2d14      1%          1
b - Stone Arrow           Conj/Erth      56%        3d10      1%          3
c - Petrify               Tmut/Erth      30%        N/A       4%          4
d - Passwall              Tmut/Erth      25%        N/A       1%          2
e - Corpse Rot            Necr/Air       N/A        N/A       4%          2

Your spell library contained the following spells:

 Spells                   Type           Power      Damage    Failure   Level
 Animate Skeleton         Necr           30%        N/A       1%          1
 Pain                     Necr           60%        1d7       1%          1
 Dazzling Flash           Conj/Hex       34%        N/A       4%          3
 Ensorcelled Hibernation  Hex/Ice        16%        N/A       6%          2
 Vampiric Draining        Necr           7%         2d7       6%          3
 Iskenderun's Mystic Bla  Conj/Tloc      17%        2d5       16%         4
 Summon Forest            Summ/Tloc      4%         N/A       71%         5
 Eringya's Noxious Bog    Tmut/Pois      9%         N/A       88%         6
 Starburst                Conj/Fire      8%         6d4       91%         6
 Shadow Creatures         Summ           N/A        N/A       99%         6
 Summon Hydra             Summ           4%         N/A       100%        7
 Spider Form              Tmut/Pois      Unusable   N/A       N/A         3

Dungeon Overview and Level Annotations

Branches:
Dungeon (11/15)            Temple (1/1) D:7            Lair (0/6) D:9
    Orc (0/2) D:10          Sewer (visited)         Ossuary (visited)

Altars:
Ashenzari
Cheibriados
Dithmenos
Elyvilon
Fedhas
Gozag
Hepliaklqana
Kikubaaqudgha
Makhleb
Nemelex Xobeh
Okawaru
Qazlal
Ru
Sif Muna
Trog
Uskayaw
Vehumet
Wu Jian
Xom
Yredelemnul
Zin
The Shining One

Shops:
D:4 :

Portals:
Bailey: D:11


Innate Abilities, Weirdness & Mutations

You are immune to poison.
Your flesh is cold resistant. (rC+)
You are immune to negative energy. (rN+++)
You are immune to unholy pain and torment.
You are vulnerable to heat. (rF-)
You do not drink.


Message History

Unknown command.
As you read the scroll of teleportation, it crumbles to dust.
You feel strangely unstable.
You hear the faint creaking of a portcullis very nearby.
The kobold shoots a bolt.
The bolt misses you.
Unknown command.
The kobold shoots a bolt.
The bolt hits you but does no damage.
The centaur unwields a +0 shortbow.
The centaur closely misses you. The centaur barely misses you.
Unknown command.
Unknown command.
Okay, then.
Okay, then.
Casting: Passwall (safe; 1% risk of failure)
Confirm with . or Enter, or press ? or * to list all spells.
Aiming: Petrify (dangerous; 4% risk of failure)
Press: ? - help, Shift-Dir - straight line, f - centaur
Aim: a centaur, quivering arrows (black smoke, chance to affect: 59%)
The centaur is moving more slowly.
A kobold brigand comes into view.
It is wielding a +0 whip and quivering poisoned darts.
The centaur hits you.
* * * LOW HITPOINT WARNING * * *
The centaur kicks you but does no damage.
Your surroundings suddenly seem different.
A gargoyle comes into view. It is wielding a +0 morningstar.
The centaur wields a +0 shortbow.
The centaur shoots an arrow.
The arrow hits you.
* * * LOW HITPOINT WARNING * * *
The ogre shouts!
You hear a shout!
Unknown command.
As you read the scroll of fear, it crumbles to dust.
You assume a fearsome visage.
The gargoyle is unaffected.
The two-headed ogre looks frightened! x2; The centaur looks frightened!
You hear a shout! x2
Unknown command.
As you read the scroll of teleportation, it crumbles to dust.
You feel strangely unstable.
The gargoyle hits you with a +0 morningstar!!
You die...
Kikubaaqudgha rasps: "You have failed me!
Welcome... oblivion!"

...##≈≈≈≈≈≈..,#.c...#,,,,,*,,****
...#≈≈{≈≈≈≈≈#,#§§#######*,,,,,,,*
,..≈≈Ol≈≈O≈O###c{§......,,,,,,*,*
,,#≈≈≈OO≈≈≈O.O.O§.#**********,*,*
***#≈≈≈≈≈≈≈{O#§§§.#.# *,,,*
#####≈≈≈≈≈≈#.#§O§.§.# *****
.......≈≈≈##.###.####
.......≈≈###.#..9.#
.......#.....#.#@.#
.#######.##..#.#..#***** ,*
#.##.........,,,* ,*
#.......##.....,*
,####**###.#..#........#
,.....####.)...........#
,###.....####........###
*#......<# *........#
*#.#.....#***......,,*


You could see 2 two-headed ogres and a gargoyle.

Vanquished Creatures
  Harold (D:7)
  2 trolls (D:10)
  A hornet (D:10)
  Sigmund (D:2)
  3 yaks (D:10)
  A wraith (D:8)
  A steam dragon (D:6)
  2 acid dragons
  2 water moccasins
  4 orc warriors
  A swamp drake (D:10)
  An ogre (D:5)
  A black bear (D:6)
  An ice beast (D:5)
  2 sky beasts (D:6)
  A necrophage (D:3)
  4 centaurs
  2 kobold brigands
  2 elf zombies (Ossuary)
  2 bullfrogs
  3 scorpions
  12 wights
  7 killer bees (D:10)
  3 hounds
  4 centaur zombies
  3 jellies
  A bullfrog skeleton (D:5)
  A human zombie (Ossuary)
  6 orc priests
  Crazy Yiuf (D:2)
  A centaur skeleton (D:6)
  4 iguanas
  2 merfolk sirens (Sewer)
  16 orc wizards
  2 killer bee zombies
  A merfolk avatar (Sewer)
  3 ogre zombies (Ossuary)
  8 mummies
  A howler monkey zombie (D:8)
  A gnoll (D:6)
  10 adders
  2 river rats (Sewer)
  3 shadow imps (D:6)
  A white imp (D:6)
  An ufetubus (D:5)
  3 adder zombies (Ossuary)
  3 worms
  41 orcs
  9 ball pythons
  5 bats
  8 endoplasms
  6 giant cockroaches
  A gnoll zombie (Ossuary)
  3 goblins
  6 hobgoblins
  2 jackals (D:1)
  8 quokkas
  8 frilled lizards
  4 goblin zombies (Ossuary)
  3 hobgoblin zombies
  16 kobolds
  7 kobold zombies (Ossuary)
  3 quokka zombies (Ossuary)
  34 rats
  3 rat zombies (Ossuary)
305 creatures vanquished.

Vanquished Creatures (others)
  2 fungi (D:5)
  3 plants
5 creatures vanquished.

Grand Total: 310 creatures vanquished

Notes
Turn   | Place    | Note
-------+----------+-------------------------------------------
     0 | D:1      | Doot the Mummy Earth Elementalist began the quest for the
                  | Orb.
     0 | D:1      | Reached XP level 1. HP: 13/13 MP: 4/4
   508 | D:1      | Reached XP level 2. HP: 19/19 MP: 3/5
   653 | D:3      | Reached skill level 3 in Spellcasting
  1108 | D:3      | Reached XP level 3. HP: 24/24 MP: 4/7
  1155 | D:3      | Learned a level 3 spell: Stone Arrow
  2332 | D:3      | HP: 1/24 [orc wizard (2)]
  2334 | D:3      | Reached XP level 4. HP: 1/30 MP: 0/9
  2702 | D:4      | Reached skill level 4 in Spellcasting
  2702 | D:4      | Reached skill level 1 in Conjurations
  2772 | D:4      | Reached XP level 5. HP: 16/36 MP: 1/11
  2852 | D:4      | Found a sparkling altar of Nemelex Xobeh.
  2865 | D:4      | Found a sand-covered staircase.
  2874 | Ossuary  | Entered an ossuary
  2994 | Ossuary  | Learned a level 4 spell: Petrify
  3023 | Ossuary  | Reached skill level 1 in Short Blades
  3023 | Ossuary  | Reached XP level 6. HP: 21/42 MP: 5/12
  3491 | Ossuary  | Reached skill level 5 in Spellcasting
  4204 | Ossuary  | Reached XP level 7. HP: 47/47 MP: 9/15
  4558 | D:4      | Found a stormy altar of Qazlal.
  4558 | D:4      | Found a blossoming altar of Fedhas.
  4673 | D:4      | Found a radiant altar of Vehumet.
  4852 | D:4      | Found Tenario's Book Boutique.
  4992 | D:4      | Found a burning altar of Makhleb.
  5034 | D:5      | Entered Level 5 of the Dungeon
  5069 | D:5      | Reached skill level 6 in Spellcasting
  5105 | D:5      | Learned a level 2 spell: Passwall
  5133 | D:5      | Found a glowing drain.
  5148 | Sewer    | Entered a sewer
  5891 | Sewer    | Reached skill level 1 in Transmutations
  6715 | D:5      | Found a shimmering blue altar of Sif Muna.
  6748 | D:5      | Reached XP level 8. HP: 53/53 MP: 10/17
  6906 | D:5      | Found a hide-covered altar of Uskayaw.
  7043 | D:5      | Identified the +8 flail "Kejosam" {venom, Stlth+}
  7457 | D:6      | Reached skill level 1 in Fighting
  7623 | D:6      | Found a sacrificial altar of Ru.
  8231 | D:6      | Reached skill level 7 in Spellcasting
  9290 | D:6      | Reached XP level 9. HP: 59/59 MP: 19/19
  9452 | D:6      | Reached skill level 5 in Earth Magic
  9782 | D:7      | Noticed Harold
  9807 | D:7      | Killed Harold
  9808 | D:7      | Reached skill level 5 in Stealth
  9808 | D:7      | Reached skill level 8 in Spellcasting
 10181 | D:7      | Found a staircase to the Ecumenical Temple.
 10200 | Temple   | Entered the Ecumenical Temple
 10684 | D:1      | Found a faded altar of an unknown god.
 11037 | D:2      | Noticed Sigmund
 11057 | D:2      | Killed Sigmund
 11243 | D:2      | Found a runed translucent door.
 11244 | D:2      | Noticed Crazy Yiuf
 11534 | D:2      | Killed Crazy Yiuf
 11916 | D:3      | Found an iron altar of Okawaru.
 13107 | D:8      | Reached XP level 10. HP: 67/67 MP: 16/22
 13141 | D:8      | Found a basalt altar of Yredelemnul.
 14490 | D:9      | Found a staircase to the Lair.
 14999 | D:10     | Entered Level 10 of the Dungeon
 15642 | D:10     | Found an ancient bone altar of Kikubaaqudgha.
 15646 | D:10     | Became a worshipper of Kikubaaqudgha
 15762 | D:10     | Reached skill level 9 in Spellcasting
 15892 | D:10     | Reached skill level 5 in Transmutations
 16108 | D:10     | Reached * piety under Kikubaaqudgha
 16108 | D:10     | Received a gift from Kikubaaqudgha
 16112 | D:10     | Learned a level 2 spell: Corpse Rot
 16308 | D:10     | Found a staircase to the Orcish Mines.
 16427 | D:10     | Reached skill level 1 in Necromancy
 17204 | D:11     | Noticed a two-headed ogre
 17208 | D:11     | Noticed an ogre mage
 17208 | D:11     | Noticed a two-headed ogre
 17209 | D:11     | Noticed a white ugly thing
 17209 | D:11     | Noticed a two-headed ogre
 17212 | D:11     | Noticed a two-headed ogre
 17240 | D:11     | Found a flagged portal.
 17244 | D:11     | Noticed a gargoyle
 17247 | D:11     | Mangled by a gargoyle

Illustrated notes

Levels and vault maps discovered:
D:1:      heliophobic_arrival_henge, layout_rooms,
          dreamdust_ecumenical_altar_hidden_monk_grotto, kennysheep_minor_cross,
          roderic_serpentine_path, st_stairs_8, interstate_on_off,
          chequers_serial_rivers_micro_b
D:2:      layout_loops_cross, uniq_sigmund, uniq_crazy_yiuf_cottage
D:3:      layout_basic, nicolae_overflow_hidden_temple
D:4:      layout_cave_pools, kennysheep_little_box, kennysheep_mini_moat,
          grunt_temple_overflow_forces_of_nature,
          mainiacjoe_overflow_six_doors_small, nicolae_ossuary_entry_giza,
          serial_shops, nicolae_lakefront_shop
D:5:      layout_layer_cave, mainiacjoe_overflow_alcove_4,
          mainiacjoe_overflow_boulevard, portal_sewer_entry_d
D:6:      minmay_razor_zed, layout_cave_pools, nicolae_ru_awakened_eye,
          serial_co_window_serial, co_window_paths_b, co_window_corner_a,
          co_window_corner_a, co_window_corner_a, co_window_corner_a,
          co_window_broadway_b, co_window_broadway_c, co_window_paths_c,
          co_window_unsneaky_path_d, co_window_corner_ca, co_window_paths_c,
          glass_columns_a, glass_columns_b, glass_columns_a, glass_columns_b,
          glass_columns_b
D:7:      layout_loops_corners, temple_pool_b, uniq_harold
D:8:      layout_gridville, nicolae_overflow_crystal_walls
D:9:      layout_stronghold, lair_entry_dummy
D:10:     layout_gridville, marbit_many_paths, erik_orc_1
D:11:     layout_basic, enter_bailey_6, serial_shops, kennysheep_mini,
          uniq_maurice, uniq_josephine
Temple:   minmay_freezing_vapour_temple

Skill      XL: |  1  2  3  4  5  6  7  8  9 10 |
---------------+-------------------------------+-----
Spellcasting   | 3 4 5 6 7 8 9 |  9.8
Dodging        | 2 |  2.8
Earth Magic    | 3 4 5 6 |  6.4
Stealth        | 2 4 6 7 |  7.1
Conjurations   | 1 2 3 4 |  4.6
Short Blades   | 1 2 3 |  3.2
Transmutations | 1 3 4 5 |  5.4
Fighting       | 1 2 |  2.1
Necromancy     | 1 |  1.9
Armour         | |  0.4
Unarmed Combat | |  0.2

Action                   |  1- 3 |  4- 6 |  7- 9 | 10-12 || total
-------------------------+-------+-------+-------+-------++-------
Melee: Unarmed           |     9 |       |       |       ||     9
       Short sword       |    33 |    49 |    57 |       ||   139
       Dagger            |       |       |    87 |    51 ||   138
       Punch             |       |       |       |     1 ||     1
 Cast: Sandblast         |    43 |    27 |    18 |     4 ||    92
       Stone Arrow       |    18 |    55 |   189 |    84 ||   346
       Passwall          |       |       |     6 |     2 ||     8
       Petrify           |       |       |    40 |    34 ||    74
Evoke: Wand              |       |       |    12 |       ||    12
  Use: Scroll            |       |       |     2 |    14 ||    16
 Stab: Sleeping          |     3 |     3 |     8 |     3 ||    17
       Petrified         |       |       |    65 |    37 ||   102
       Paralysed         |       |       |     3 |       ||     3
       Petrifying        |       |       |     2 |     1 ||     3
Armor: Robe              |    12 |    14 |    31 |     5 ||    62
       Troll leather arm |       |       |       |    13 ||    13
       Acid dragon scale |       |       |       |     3 ||     3
Dodge: Dodged            |    76 |    46 |    82 |    43 ||   247
